 Dungeon Crawl Stone Soup version 0.25-a0-25-gf18fdeb (webtiles) character file.

Game seed: 14603619678969023940, levelgen mode: deterministic

70737 pkoi the Brawler (level 14, -10/118 HPs)
             Began as a Black Draconian Monk on Oct 16, 2019.
             Was the Champion of Okawaru.
             Mangled by a deep troll (17 damage)
             ... on level 1 of the Orcish Mines on Oct 17, 2019.
             The game lasted 00:56:46 (24937 turns).

pkoi the Brawler (Black Draconian Monk)            Turns: 24937, Time: 00:56:47

Health: -10/118    AC: 19    Str: 20    XL:     14   Next: 95%
Magic:  0/18       EV: 19    Int: 15    God:    Okawaru [******]
Gold:   1716       SH:  5    Dex: 15    Spells: 11/21 levels left

rFire    . . .     SeeInvis .     - Unarmed
rCold    + . .     Gourm    .   n - +0 buckler {AC+3}
rNeg     . . .     Faith    .   (armour unavailable)
rPois    .         Spirit   +   F - +2 hat
rElec    +         Reflect  .   c - +2 cloak
rCorr    .         Harm     .   v - +0 pair of gloves
MR       +....                  (no boots)
Stlth    +++.......             k - amulet of guardian spirit
HPRegen  0.69/turn              K - +2 ring of protection
MPRegen  0.16/turn              u - ring of protection from cold

@: mighty, starving
A: breathe lightning, unfitting armour, big wings, talons 1, agile 1, low mp 1,
regeneration 1, electricity resistance, cold-blooded, AC +8
a: Breathe Lightning, Fly, Heroism, Finesse, Renounce Religion


You were on level 1 of the Orcish Mines.
You worshipped Okawaru.
Okawaru was exalted by your worship.
You were starving.

You visited 5 branches of the dungeon, and saw 21 of its levels.

You collected 1716 gold pieces.

Inventory:

Hand Weapons
 b - a +1 hunting sling of flaming
Missiles
 P - 195 sling bullets
Armour
 c - a +2 cloak (worn)
 n - a +0 buckler of protection (worn)
 v - a +0 pair of gloves (worn)
 y - a +1 buckler of cold resistance
 F - a +2 hat (worn)
Jewellery
 k - an amulet of guardian spirit (around neck)
 m - an uncursed ring of positive energy
 u - a ring of protection from cold (right hand)
 x - an uncursed ring of see invisible
 B - an uncursed amulet of regeneration
 G - an uncursed ring of protection from magic
 K - a +2 ring of protection (left hand)
Wands
 f - a wand of flame (36)
 g - a wand of iceblast (2)
 j - a wand of enslavement (21)
 s - a wand of digging (6)
 w - a wand of acid (10)
 C - a wand of disintegration (15)
 O - a wand of polymorph (15)
Scrolls
 e - a scroll of amnesia
 h - 8 scrolls of magic mapping
 i - 8 scrolls of remove curse
 l - 4 scrolls of fear
 p - 8 scrolls of identify
 q - 8 scrolls of enchant weapon
 r - 11 scrolls of teleportation
 t - a scroll of enchant armour
 z - a scroll of blinking
 I - 2 scrolls of fog
Potions
 A - 3 potions of magic
 D - 2 potions of heal wounds
 E - a potion of agility
 H - 2 potions of resistance
 L - 2 potions of might
 M - 3 potions of haste
Comestibles
 a - 32 rations


   Skills:
 - Level 9.1 Fighting
 - Level 6.4 Slings
 - Level 10.6 Dodging
 - Level 4.0 Stealth
 - Level 4.0 Shields
 - Level 15.4 Unarmed Combat
 - Level 4.0 Spellcasting
 - Level 4.4 Conjurations
 - Level 2.9 Hexes
 - Level 4.5 Translocations
 + Level 1.5 Transmutations
 + Level 1.5 Ice Magic
 - Level 6.7 Air Magic
 - Level 5.0 Poison Magic
 - Level 8.1 Invocations
 - Level 4.9 Evocations


You had 11 spell levels left.
You knew the following spells:

 Your Spells              Type           Power        Failure   Level  Hunger
a - Blink                 Tloc           N/A          4%          2    ##.....
b - Mephitic Cloud        Conj/Pois/Air  ###.....     6%          3    ###....
c - Confusing Touch       Hex            ##....       5%          1    None
d - Ice Form              Ice/Tmut       #.......     67%         4    ####...

Your spell library contained the following spells:

 Spells                   Type           Power        Failure   Level  Hunger
 Magic Dart               Conj           ###.         3%          1    None
 Slow                     Hex            ##......     9%          2    ##.....
 Throw Frost              Conj/Ice       ##....       9%          2    ##.....
 Gell's Gravitas          Tloc           ###.......   9%          3    ###....
 Beastly Appendage        Tmut           #.....       10%         1    None
 Freeze                   Ice            #...         10%         1    None
 Sticks to Snakes         Tmut           #.......     14%         2    ##.....
 Spider Form              Tmut/Pois      ##........   14%         3    ###....
 Confuse                  Hex            ##......     16%         3    ###....
 Summon Butterflies       Summ           #.......     19%         1    None
 Conjure Flame            Conj/Fire      #.......     22%         3    ###....
 Call Imp                 Summ           #.......     26%         2    ##.....
 Ozocubu's Armour         Chrm/Ice       #.......     36%         3    ###....
 Call Canine Familiar     Summ           #.......     47%         3    ###....
 Throw Icicle             Conj/Ice       ##......     47%         4    ####...
 Petrify                  Tmut/Erth      #.......     78%         4    ####...
 Summon Ice Beast         Ice/Summ       #.......     78%         4    ####...
 Metabolic Englaciation   Hex/Ice        #.........   89%         5    ######.
 Yara's Violent Unravell  Hex/Tmut       #.........   89%         5    ######.
 Blade Hands              Tmut           #.........   95%         5    ######.
 Summon Mana Viper        Hex/Summ       #.......     95%         5    ######.
 Summon Hydra             Summ           #.........   100%        7    #######


Dungeon Overview and Level Annotations

Branches:
Dungeon (11/15)            Temple (1/1) D:5            Lair (6/6) D:9
  Swamp (1/4) Lair:2        Snake (0/4) Lair:3        Slime (0/5) Lair:5
    Orc (2/2) D:9             Elf (0/3) Orc:2

Altars:
Ashenzari
Cheibriados
Dithmenos
Elyvilon
Fedhas
Gozag
Hepliaklqana
Kikubaaqudgha
Makhleb
Nemelex Xobeh
Okawaru
Qazlal
Ru
Sif Muna
Trog
Uskayaw
Vehumet
Wu Jian
Xom
Yredelemnul
Zin
The Shining One
Jiyva

Shops:
D:5 :   D:7 :   Orc:2 }

Portals:
Trove: D:11 (give horn of Geryon)

Annotations:
D:11 2 runed translucent doors, Lotaefid's ghost, journeyman MiBe
Lair:3 3 runed translucent doors, Tudghun's ghost, journeyman MfSk
Lair:5 exclusion: 3 oklob plants


Innate Abilities, Weirdness & Mutations

You can breathe wild blasts of lightning.
Your glossy black scales are hard. (AC +8)
You cannot fit into any form of body armour.
Your large and strong wings let you fly indefinitely.
You are resistant to electric shocks. (rElec)
You are cold-blooded and may be slowed by cold attacks.
You have sharp toenails.
You are agile. (Dex +2)
Your magical capacity is low. (-10% MP)
Your natural rate of healing is unusually fast.


Message History

You pummel the two-headed ogre!! You claw the two-headed ogre.
You tail-slap the two-headed ogre.
The two-headed ogre is severely wounded.
The deep troll bites you but does no damage.
The deep troll closely misses you. The deep troll misses you.
You pummel the two-headed ogre!!
You kill the two-headed ogre!
Okawaru accepts your kill.
The deep troll bites you but does no damage.
The deep troll claws you but does no damage.
The deep troll claws you!
* * * LOW HITPOINT WARNING * * *
You pummel the deep troll!!
You claw the deep troll, but do no damage.
You tail-slap the deep troll.
The deep troll is heavily wounded.
The deep troll bites you!!
* * * LOW HITPOINT WARNING * * *
The deep troll misses you. The deep troll claws you!!
You die...

### #....##
###...##
#####......##
##.##........####
#.............#.##
##.......#.......#
###..)...........##
#......#.##.......#
##....@#.#.......##
##..T>...#....###
###...........##
#............#
###......##.##
##....##### #.####
##.# ###


You could see a deep troll.

Vanquished Creatures
  Rupert (Lair:4)
  Jorgrun (Orc:1)
  The ghost of Zuluch the Grappler, a journeyman DrTm of Sif Muna (Orc:1)
  Fannar (Orc:1)
  5 hydras
  Harold (D:9)
  A ghost crab (Swamp:1)
  4 catoblepae (Lair:6)
  A centaur warrior (D:11)
  2 alligators (Lair:2)
  3 two-headed ogres
  12 death yaks
  A skeletal warrior (D:10)
  An orc sorcerer (Orc:1)
  2 manticores (Lair:6)
  2 cyclopes
  Joseph (D:8)
  11 elephants
  7 black mambas
  Maurice (D:8)
  17 spiny frogs
  Psyche (D:8)
  The ghost of robertstho the Gouger, a novice FeBe of Trog (D:8)
  2 kobold demonologists
  8 komodo dragons
  A torpor snail (Lair:6)
  5 trolls
  2 polar bears
  6 slime creatures
  18 blink frogs
  A bog body (Swamp:1)
  6 hippogriffs
  3 wyverns
  Sigmund (D:2)
  A vampire (D:11)
  49 yaks
  4 basilisks
  A hungry ghost (D:8)
  13 insubstantial wisps
  3 swamp worms
  15 water moccasins
  An acid dragon (D:7)
  7 porcupines
  A hornet zombie (D:7)
  14 orc warriors
  An eye of draining (D:11)
  2 sky beasts
  2 black bears
  3 ice beasts
  A necrophage (D:10)
  9 ogres
  A phantom (D:11)
  5 wolves
  14 crocodiles
  5 centaurs
  7 big kobolds
  12 bullfrogs
  6 scorpions
  6 killer bees (D:9)
  8 wights (D:11)
  2 electric eels (Lair:4)
  4 crimson imps
  5 howler monkeys
  A bullfrog zombie (D:6)
  9 orc priests
  2 centaur skeletons
  5 hounds
  5 jellies
  Crazy Yiuf (D:3)
  6 iguanas
  19 orc wizards
  11 worker ants
  A hound zombie (D:5)
  3 hound skeletons
  A worker ant zombie (D:7)
  A howler monkey skeleton (D:7)
  8 gnolls
  14 adders
  4 shadow imps
  An ooze (D:1)
  An adder zombie (D:7)
  3 adder skeletons (D:5)
  A worm (D:2)
  4 dart slugs
  5 leopard geckos
  52 orcs
  4 ball pythons
  7 giant cockroaches
  5 goblins
  7 hobgoblins
  15 jackals
  6 quokkas
  5 bats
  3 frilled lizards
  A jackal skeleton (D:7)
  34 kobolds
  11 kobold skeletons (D:10)
  7 kobold zombies (D:10)
  A leopard gecko skeleton (D:6)
  A quokka zombie (D:5)
  4 rats
  2 fungi
604 creatures vanquished.

Vanquished Creatures (collateral kills)
  3 insubstantial wisps (Swamp:1)
3 creatures vanquished.

Vanquished Creatures (others)
  An orc (Orc:1)
  8 fungi
  11 plants
20 creatures vanquished.

Grand Total: 627 creatures vanquished

Notes
Turn   | Place    | Note
-------+----------+-------------------------------------------
     0 | D:1      | pkoi the Draconian Monk began the quest for the Orb.
     0 | D:1      | Reached XP level 1. HP: 19/19 MP: 1/1
   399 | D:1      | Reached XP level 2. HP: 26/26 MP: 2/2
   805 | D:1      | Reached skill level 4 in Unarmed Combat
   867 | D:2      | Reached XP level 3. HP: 31/31 MP: 3/3
  1201 | D:2      | Noticed Sigmund
  1505 | D:3      | Found a runed translucent door.
  1506 | D:3      | Noticed Crazy Yiuf
  1853 | D:2      | Reached skill level 5 in Unarmed Combat
  1853 | D:2      | Reached XP level 4. HP: 36/38 MP: 4/4
  2472 | D:3      | Gained mutation: You have sharp toenails. [potion of
                  | mutation]
  2472 | D:3      | Gained mutation: Your magical capacity is low. (-10% MP)
                  | [potion of mutation]
  2472 | D:3      | Gained mutation: Your natural rate of healing is unusually
                  | fast. [potion of mutation]
  2472 | D:3      | Gained mutation: You are agile. (Dex +2) [potion of
                  | mutation]
  2478 | D:3      | Killed Crazy Yiuf
  2478 | D:3      | Reached XP level 5. HP: 45/45 MP: 4/4
  2626 | D:4      | Noticed a black bear
  2813 | D:4      | Reached skill level 6 in Unarmed Combat
  2984 | D:4      | Learned a level 2 spell: Blink
  3120 | D:5      | Entered Level 5 of the Dungeon
  3139 | D:5      | Reached XP level 6. HP: 48/51 MP: 5/5
  3177 | D:5      | Found a staircase to the Ecumenical Temple.
  3188 | Temple   | Entered the Ecumenical Temple
  3348 | Temple   | Became a worshipper of Warmaster Okawaru
  3348 | Temple   | Reached * piety under Okawaru
  3348 | Temple   | Reached ** piety under Okawaru
  3695 | D:5      | Found Reneiq's Book Emporium.
  3703 | D:5      | Reached skill level 1 in Invocations
  4167 | D:6      | Your scales start taking on a glossy black colour.
  4167 | D:6      | Reached XP level 7. HP: 56/58 MP: 7/7
  4167 | D:6      | Gained mutation: You are resistant to electric shocks.
                  | (rElec) [Black Draconian growth]
  4201 | D:6      | Reached skill level 7 in Unarmed Combat
  4875 | D:7      | Found Sofatioh's Book Shop.
  4997 | D:7      | Reached *** piety under Okawaru
  5006 | D:7      | Reached XP level 8. HP: 67/67 MP: 9/9
  5046 | D:7      | Reached skill level 8 in Unarmed Combat
  5051 | D:7      | Reached skill level 5 in Fighting
  5140 | D:7      | Reached skill level 5 in Dodging
  5385 | D:7      | Noticed a two-headed ogre
  5392 | D:7      | Killed a two-headed ogre
  5392 | D:7      | Reached **** piety under Okawaru
  5392 | D:7      | Reached skill level 9 in Unarmed Combat
  5392 | D:7      | Reached skill level 5 in Invocations
  5392 | D:7      | Reached XP level 9. HP: 50/74 MP: 4/11
  5394 | D:7      | Noticed a kobold demonologist
  5415 | D:7      | Killed a kobold demonologist
  5422 | D:7      | Reached skill level 10 in Unarmed Combat
  5789 | D:2      | Killed Sigmund
  5789 | D:2      | Reached ***** piety under Okawaru
  6186 | D:8      | Noticed Psyche
  6201 | D:8      | Killed Psyche
  6201 | D:8      | Reached skill level 1 in Shields
  6225 | D:8      | Found a runed translucent door.
  6226 | D:8      | Noticed robertstho's ghost (novice FeBe)
  6518 | D:8      | Noticed Joseph
  6526 | D:8      | Killed Joseph
  6526 | D:8      | Received a gift from Okawaru
  6526 | D:8      | Reached XP level 10. HP: 78/81 MP: 9/13
  6533 | D:8      | Got a pair of scorched gloves {god gift}
  6544 | D:8      | Identified the +0 pair of gloves of Uhire {rN+ MR- Int+3
                  | Dex+2} (Okawaru gifted it to you on level 8 of the Dungeon)
  6754 | D:8      | Noticed Maurice
  6768 | D:8      | Killed Maurice
  7087 | D:9      | Noticed a death yak
  7113 | D:9      | Killed a death yak
  7113 | D:9      | Reached skill level 11 in Unarmed Combat
  7244 | D:9      | Noticed a death yak
  7245 | D:9      | Noticed a death yak
  7280 | D:9      | Killed a death yak
  7413 | D:8      | Killed a death yak
  7458 | D:9      | Found a staircase to the Lair.
  7748 | D:9      | Noticed Harold
  7759 | D:9      | Killed Harold
  7759 | D:9      | Reached skill level 12 in Unarmed Combat
  7759 | D:9      | Reached XP level 11. HP: 87/88 MP: 13/15
  7767 | D:9      | Found an ancient bone altar of Kikubaaqudgha.
  7794 | D:9      | Got a dazzling shortbow
  8268 | D:9      | Found a staircase to the Orcish Mines.
  8377 | D:10     | Entered Level 10 of the Dungeon
  8515 | D:9      | Reached skill level 1 in Evocations
  9324 | D:10     | Found an ancient bone altar of Kikubaaqudgha.
  9561 | Lair:1   | Entered Level 1 of the Lair of Beasts
  9597 | Lair:1   | Reached skill level 13 in Unarmed Combat
  9711 | Lair:1   | Received a gift from Okawaru
 10283 | Lair:1   | Reached skill level 1 in Slings
 10407 | Lair:1   | Noticed a four-headed hydra
 10416 | Lair:1   | Killed a four-headed hydra
 10487 | Lair:1   | Reached XP level 12. HP: 98/100 MP: 14/16
 10492 | Lair:1   | Learned a level 3 spell: Mephitic Cloud
 10967 | Lair:2   | Reached skill level 1 in Air Magic
 10993 | Lair:2   | Found a staircase to the Swamp.
 11037 | Lair:1   | Reached skill level 1 in Poison Magic
 11054 | Lair:2   | Received a gift from Okawaru
 11054 | Lair:2   | Reached skill level 1 in Spellcasting
 11054 | Lair:2   | Reached skill level 1 in Translocations
 12121 | Lair:3   | Noticed a seven-headed hydra
 12133 | Lair:3   | Killed a seven-headed hydra
 12145 | Lair:3   | Noticed a six-headed hydra
 12153 | Lair:3   | Killed a six-headed hydra
 12308 | Lair:3   | Found a staircase to the Snake Pit.
 12872 | Lair:2   | Learned a level 1 spell: Confusing Touch
 12963 | Lair:3   | Reached ****** piety under Okawaru
 13060 | Lair:3   | Reached skill level 14 in Unarmed Combat
 13211 | Lair:3   | Received a gift from Okawaru
 13271 | Lair:3   | Found a runed translucent gate.
 13271 | Lair:3   | Found a snail-covered altar of Cheibriados.
 13272 | Lair:3   | Found a runed translucent gate.
 13273 | Lair:3   | Found a runed translucent gate.
 13273 | Lair:3   | Noticed Tudghun's ghost (journeyman MfSk)
 13446 | Lair:3   | Found a viscous altar of Jiyva.
 13760 | Lair:4   | Reached XP level 13. HP: 96/107 MP: 12/17
 13868 | Lair:4   | Noticed Rupert
 13888 | Lair:4   | Killed Rupert
 13888 | Lair:4   | Reached skill level 1 in Conjurations
 13888 | Lair:4   | Reached skill level 1 in Hexes
 14389 | Lair:4   | Received a gift from Okawaru
 15051 | D:8      | Killed robertstho's ghost
 15758 | Lair:4   | Received a gift from Okawaru
 15772 | Lair:4   | Got a transparent fustibalus {god gift}
 15773 | Lair:4   | Identified the +9 fustibalus of Cruel Justice {flame,
                  | *Contam rElec rN+++ MP-9} (Okawaru gifted it to you on
                  | level 4 of the Lair of Beasts)
 15935 | Lair:5   | Found a staircase to the Slime Pits.
 16045 | Lair:5   | Reached skill level 5 in Air Magic
 16934 | Lair:6   | Entered Level 6 of the Lair of Beasts
 17294 | Lair:6   | Upgraded the game from 0.25-a0-23-gdc1bd94 to
                  | 0.25-a0-25-gf18fdeb
 17309 | Lair:6   | Received a gift from Okawaru
 18143 | Lair:6   | Gained mutation: Your large and strong wings let you fly
                  | indefinitely. [Black Draconian growth]
 18143 | Lair:6   | Reached XP level 14. HP: 47/115 MP: 3/18
 18771 | Lair:5   | Reached skill level 5 in Slings
 18799 | Lair:5   | Reached skill level 10 in Dodging
 18862 | Lair:5   | Reached skill level 5 in Poison Magic
 20016 | Lair:6   | Received a gift from Okawaru
 20714 | D:11     | Found a portal to a secret trove of treasure.
 21215 | D:11     | Received a gift from Okawaru
 21590 | D:11     | Found a runed translucent door.
 21619 | D:11     | Reached skill level 15 in Unarmed Combat
 21778 | Swamp:1  | Entered Level 1 of the Swamp
 23203 | D:11     | Found a runed translucent door.
 23204 | D:11     | Noticed Lotaefid's ghost (journeyman MiBe)
 23540 | Orc:1    | Entered Level 1 of the Orcish Mines
 23598 | Orc:1    | Noticed Jorgrun
 23737 | Orc:1    | Killed Jorgrun
 23817 | Orc:1    | Noticed Fannar
 23847 | Orc:1    | Killed Fannar
 23879 | Orc:1    | Found an iron altar of Okawaru.
 23913 | Orc:1    | Found a runed translucent door.
 24276 | Orc:1    | Noticed Zuluch's ghost (journeyman DrTm)
 24491 | Orc:1    | Killed Zuluch's ghost
 24612 | Orc:1    | Learned a level 4 spell: Ice Form
 24709 | Orc:2    | Entered Level 2 of the Orcish Mines
 24709 | Orc:2    | Found Kaata's Gadget Shoppe.
 24737 | Orc:2    | Found a staircase to the Elven Halls.
 24931 | Orc:1    | Received a gift from Okawaru
 24931 | Orc:1    | Reached skill level 1 in Transmutations
 24931 | Orc:1    | Reached skill level 1 in Ice Magic
 24937 | Orc:1    | Mangled by a deep troll

Levels and vault maps discovered:
D:1:      dpeg_arrival_boxes_within_box, layout_basic, corner_web_ring,
          minivault_27
D:2:      layout_basic, uniq_sigmund
D:3:      layout_loops_ring, minmay_misc_feat_nine_boxes, minmay_ruptured,
          uniq_crazy_yiuf_cottage
D:4:      layout_cave_pools, first_ration
D:5:      layout_basic, minmay_temple_entry_stoned_glass, serial_shops, shop
D:6:      layout_gridville
D:7:      minmay_the_grid_plus [minmay_the_grid_minigrid_small,
          minmay_the_grid_expand, minmay_the_grid_box_x,
          minmay_the_grid_outer_diamond, minmay_the_grid_prize_four_corners],
          layout_cave_pools, serial_shops, shop, grunt_livestock
D:8:      layout_loops_ring, ebering_ghost_inner_flame, uniq_maurice,
          uniq_psyche, uniq_joseph
D:9:      layout_basic, kiku_gazebo_pond_becter, dpeg_lair_monsters,
          david_orc_4, uniq_harold
D:10:     wander_kiku_kobolds, layout_cross
D:11:     layout_roguey, ebering_ghost_reflecting_pool,
          nicolae_trove_entry_diagonal, serial_curves, eino_curves_01,
          eino_curves_04, lightli_airlock
Temple:   kilobyte_greek_temple
Lair:1:   cheibrodos_lair_river_kwai, layout_loops_ring
Lair:2:   layout_cave_pods, swamp_mist
Lair:3:   layout_gridlike, minmay_snake_entry_six_corridors,
          gammafunk_ghost_ooze, basic_altar
Lair:4:   layout_gridlike, st_stairs_5, uniq_rupert
Lair:5:   layout_cave_pods, minmay_slime_entry_pillars, minivault_11,
          infiniplex_staircase_pool, minmay_lair_oklob_chamber,
          grunt_megastairs_3, lemuel_fruit_tree, serial_bayou_shore_b
Lair:6:   evilmike_catoblepas_cave, layout_misc_corridors
Swamp:1:  layout_basic_swamp, evilmike_swamp_ruin_wall, swamp_pool5,
          infiniplex_staircase_pool_2, uniq_frances
Orc:1:    layout_diamond_mine, ebering_ghost_reflecting_pool,
          okawaru_metal_pillars_1_2, uniq_fannar, uniq_jorgrun
Orc:2:    st_orc_open, layout_caves

Skill      XL: |  1  2  3  4  5  6  7  8  9 10 11 12 13 14 |
---------------+-------------------------------------------+-----
Unarmed Combat | 4 5 6 7 9 10 12 13 14 15 | 15.4
Dodging        | 3 4 5 6 7 8 9 10 | 10.6
Invocations    | 1 3 5 6 8 |  8.1
Fighting       | 4 5 7 8 9 |  9.1
Shields        | 1 4 |  4.0
Evocations     | 3 4 |  4.9
Slings         | 1 3 4 6 |  6.4
Air Magic      | 3 5 6 |  6.7
Poison Magic   | 2 4 5 |  5.0
Spellcasting   | 2 4 |  4.0
Translocations | 2 4 |  4.5
Conjurations   | 3 4 |  4.4
Hexes          | 2 |  2.9
Stealth        | 4 |  4.0
Transmutations | 1 |  1.5
Ice Magic      | 1 |  1.5

Action                   |  1- 3 |  4- 6 |  7- 9 | 10-12 | 13-15 || total
-------------------------+-------+-------+-------+-------+-------++-------
Melee: Unarmed           |   126 |   177 |   284 |   930 |  1233 ||  2750
       Tailslap          |    15 |    20 |    32 |   124 |   207 ||   398
       Punch             |       |     5 |     9 |       |       ||    14
       Kick              |       |    38 |    65 |   302 |   427 ||   832
 Fire: Hunting sling     |    29 |    13 |    20 |     7 |    91 ||   160
       Fustibalus        |       |       |       |       |    97 ||    97
Throw: Stone             |     6 |       |       |       |       ||     6
 Cast: Confusing Touch   |       |       |       |     5 |    63 ||    68
       Mephitic Cloud    |       |       |       |       |     1 ||     1
       Blink             |       |       |       |       |     1 ||     1
Invok: Heroism           |       |       |     4 |    16 |     7 ||    27
       Finesse           |       |       |       |     1 |     2 ||     3
 Abil: Breathe Lightning |       |       |     1 |     2 |       ||     3
Evoke: Wand              |       |       |       |       |     2 ||     2
  Use: Potion            |       |     5 |     6 |     1 |     3 ||    15
       Scroll            |       |     7 |     3 |     3 |    10 ||    23
 Stab: Sleeping          |     5 |     3 |     2 |     7 |     1 ||    18
       Confused          |       |       |       |     5 |    54 ||    59
  Eat: Chunk             |     3 |     7 |    11 |    23 |    32 ||    76
       Ration            |       |       |       |       |     1 ||     1
Armor: Skin              |    34 |    25 |    59 |   132 |   297 ||   547
Dodge: Dodged            |    94 |   132 |   178 |   640 |   788 ||  1832
Block: Buckler           |       |       |     8 |   182 |   249 ||   439

Table legend:
 A = Non-vault XP
 B = Vault XP
 C = Vault XP percentage of total XP
 D = Non-vault monster count
 E = Vault monster count
 F = Vault count percentage of total count
                 A         B        C        D         E       F
            +---------+---------+-------+---------+---------+-------
      Total |   60340 |   40713 |  40.3 |     442 |     163 |  26.9
            +---------+---------+-------+---------+---------+-------
        D:1 |      35 |       0 |   0.0 |      17 |       0 |   0.0
        D:2 |     116 |     208 |  64.2 |      29 |       1 |   3.3
        D:3 |      19 |      37 |  66.1 |       8 |       1 |  11.1
        D:4 |     295 |       0 |   0.0 |      12 |       0 |   0.0
        D:5 |     347 |       0 |   0.0 |      23 |       0 |   0.0
        D:6 |     366 |       0 |   0.0 |      16 |       0 |   0.0
        D:7 |    1146 |    2077 |  64.4 |      24 |      14 |  36.8
        D:8 |     583 |    2419 |  80.6 |      11 |       6 |  35.3
        D:9 |    2281 |    4501 |  66.4 |      34 |      26 |  43.3
       D:10 |    4266 |    1024 |  19.4 |      32 |      52 |  61.9
       D:11 |    3724 |       0 |   0.0 |      34 |       0 |   0.0
     Lair:1 |    3946 |    2544 |  39.2 |      15 |       6 |  28.6
     Lair:2 |    8394 |       0 |   0.0 |      28 |       0 |   0.0
     Lair:3 |    7235 |    1427 |  16.5 |      26 |      14 |  35.0
     Lair:4 |    9415 |    3277 |  25.8 |      38 |       2 |   5.0
     Lair:5 |    4492 |    7344 |  62.0 |      17 |      17 |  50.0
     Lair:6 |    8177 |    8282 |  50.3 |      27 |      17 |  38.6
    Swamp:1 |    2835 |       0 |   0.0 |      13 |       0 |   0.0
      Orc:1 |    2469 |    7573 |  75.4 |      33 |       7 |  17.5
      Orc:2 |     199 |       0 |   0.0 |       5 |       0 |   0.0
            +---------+---------+-------+---------+---------+-------
